TOP OF THE 1ST |
Detroit Tigers batting - Pitching for Kansas City Royals : RHP Aaron Nola
|
Pitching: RHP Aaron Nola
|
|
Batting: RHB Jean Segura
|
0-0: Foul Ball, location: 2F 0-1: Ball 1-1: Ball 2-1: SINGLE (Line Drive, 3D, EV 97.5 MPH)
|
Batting: RHB Starling Marte
|
0-0: Ball 1-0: Ball Jean Segura steals 2nd base 2-0: Ground out 5-3 (Groundball, 56S, EV 65.0 MPH) Jean Segura to third
|
Batting: LHB Corey Dickerson
|
0-0: Foul Ball, location: 2F 0-1: Called Strike 0-2: Ball 1-2: Fly out, F7 (Flyball, 78S, EV 81.9 MPH)
|
Batting: RHB George Springer
|
0-0: Called Strike 0-1: Called Strike 0-2: Strikes out swinging
|
Top of the 1st over - 0 runs, 1 hit, 0 errors, 1 left on base; Detroit 0 - Kansas City 0 |
BOTTOM OF THE 1ST |
Kansas City Royals batting - Pitching for Detroit Tigers : LHP Ranger Suarez
|
Pitching: LHP Ranger Suarez
|
|
Batting: LHB Jesse Winker
|
0-0: Called Strike 0-1: Fly out, F9 (Flyball, 9D, EV 104.4 MPH)
|
Batting: RHB Dansby Swanson
|
0-0: Called Strike 0-1: Ball 1-1: Ball 2-1: Foul Ball, location: 2F 2-2: Ball 3-2: DOUBLE (Line Drive, 89XD, EV 104.4 MPH)
|
Batting: RHB Nolan Arenado
|
0-0: Called Strike 0-1: Ball 1-1: Ball 2-1: Foul Ball, location: 2F 2-2: Strikes out swinging
|
Batting: LHB Anthony Rizzo
|
0-0: Swinging Strike 0-1: Ball 1-1: Swinging Strike 1-2: Ball 2-2: Foul Ball, location: 2F 2-2: Hit by Pitch
|
Batting: RHB Howie Kendrick
|
0-0: Ball 1-0: Swinging Strike 1-1: Ball 2-1: Ball 3-1: 3-RUN HOME RUN (Flyball, 7D, EV 98.1 MPH), Distance : 405 ft
|
Batting: LHB Trent Grisham
|
0-0: Called Strike 0-1: Swinging Strike 0-2: Ball 1-2: Ground out 5-3 (Groundball, 5, EV 100.6 MPH)
|
Bottom of the 1st over - 3 runs, 2 hits, 0 errors, 0 left on base; Detroit 0 - Kansas City 3 |
TOP OF THE 2ND |
Detroit Tigers batting - Pitching for Kansas City Royals : RHP Aaron Nola
|
Batting: RHB Jose Abreu
|
0-0: Ball 1-0: Foul Ball, location: 2F 1-1: Foul Ball, location: 2F 1-2: Ball 2-2: Ball 3-2: Foul Ball, location: 2F 3-2: Strikes out swinging
|
Batting: RHB Jake Marisnick
|
0-0: Ball 1-0: Swinging Strike 1-1: Ball 2-1: Foul Ball, location: 2F 2-2: Strikes out looking
|
Batting: RHB J.T. Realmuto
|
0-0: Ball 1-0: Foul Ball, location: 2F 1-1: Swinging Strike 1-2: Foul Ball, location: 2F 1-2: Fly out, F6 (Flyball, 5D, EV 90.0 MPH)
|
Top of the 2nd over - 0 runs, 0 hits, 0 errors, 0 left on base; Detroit 0 - Kansas City 3 |
BOTTOM OF THE 2ND |
Kansas City Royals batting - Pitching for Detroit Tigers : LHP Ranger Suarez
|
Batting: RHB Sean Murphy
|
0-0: Ball 1-0: Ball 2-0: Ball 3-0: Called Strike 3-1: Called Strike 3-2: Base on Balls
|
Batting: RHB Lewis Brinson
|
0-0: Ball 1-0: Called Strike 1-1: SINGLE (Groundball, 6D, EV 95.6 MPH) Sean Murphy to second
|
Batting: LHB Nicky Lopez
|
0-0: Foul Ball, location: 2F 0-1: Swinging Strike 0-2: Strikes out swinging
|
Batting: LHB Jesse Winker
|
0-0: Ball 1-0: Ball 2-0: Ball 3-0: Foul Ball, location: 2F 3-1: Base on Balls Sean Murphy to third Lewis Brinson to second
|
Batting: RHB Dansby Swanson
|
0-0: Foul Ball, location: 2F 0-1: Foul Ball, location: 2F 0-2: Ball 1-2: Ball 2-2: Strikes out swinging
|
Batting: RHB Nolan Arenado
|
0-0: Ball 1-0: GRAND SLAM HOME RUN (Flyball, 7D, EV 86.3 MPH), Distance : 392 ft
|
Pitching: RHP Seth Lugo
|
|
Batting: LHB Anthony Rizzo
|
0-0: Ball 1-0: Ball 2-0: Called Strike 2-1: Ball 3-1: Foul Ball, location: 2F 3-2: Fly out, F4 (Flyball, 4D, EV 90.6 MPH)
|
Bottom of the 2nd over - 4 runs, 2 hits, 0 errors, 0 left on base; Detroit 0 - Kansas City 7 |
TOP OF THE 3RD |
Detroit Tigers batting - Pitching for Kansas City Royals : RHP Aaron Nola
|
Batting: RHB Nick Madrigal
|
0-0: Called Strike 0-1: Called Strike 0-2: Strikes out swinging
|
Batting: LHB Kolten Wong
|
0-0: Ground out 4-3 (Groundball, 4, EV 90.6 MPH)
|
Batting: RHB Jean Segura
|
0-0: SINGLE (Line Drive, 4D, EV 108.1 MPH)
|
Batting: RHB Starling Marte
|
0-0: Swinging Strike 0-1: Fly out, F8 (Line Drive, 8RD, EV 98.1 MPH)
|
Top of the 3rd over - 0 runs, 1 hit, 0 errors, 1 left on base; Detroit 0 - Kansas City 7 |
BOTTOM OF THE 3RD |
Kansas City Royals batting - Pitching for Detroit Tigers : RHP Seth Lugo
|
Batting: RHB Howie Kendrick
|
0-0: Foul Ball, location: 2F 0-1: Foul Ball, location: 2F 0-2: Ball 1-2: Strikes out swinging
|
Batting: LHB Trent Grisham
|
0-0: Called Strike 0-1: Ball 1-1: Ball 2-1: Foul Ball, location: 2F 2-2: Strikes out swinging
|
Batting: RHB Sean Murphy
|
0-0: Ball 1-0: Ground out U3 (Groundball, 34, EV 105.6 MPH)
|
Bottom of the 3rd over - 0 runs, 0 hits, 0 errors, 0 left on base; Detroit 0 - Kansas City 7 |
TOP OF THE 4TH |
Detroit Tigers batting - Pitching for Kansas City Royals : RHP Aaron Nola
|
Batting: LHB Corey Dickerson
|
0-0: Called Strike 0-1: Called Strike 0-2: Strikes out looking
|
Batting: RHB George Springer
|
0-0: Called Strike 0-1: Swinging Strike 0-2: Ball 1-2: Ball 2-2: Ball 3-2: Fly out, F7 (Flyball, 78S, EV 80.6 MPH)
|
Batting: RHB Jose Abreu
|
0-0: Foul Ball, location: 2F 0-1: TRIPLE (Flyball, 8LXD, EV 100.6 MPH)
|
Batting: RHB Jake Marisnick
|
0-0: Called Strike 0-1: Swinging Strike 0-2: SINGLE (Flyball, 8LS, EV 89.4 MPH) Jose Abreu scores
|
Batting: RHB J.T. Realmuto
|
0-0: Ball 1-0: Called Strike 1-1: Ball Wild Pitch! Jake Marisnick to second 2-1: Called Strike 2-2: Foul Ball, location: 2F 2-2: Strikes out swinging
|
Top of the 4th over - 1 run, 2 hits, 0 errors, 1 left on base; Detroit 1 - Kansas City 7 |
BOTTOM OF THE 4TH |
Kansas City Royals batting - Pitching for Detroit Tigers : RHP Seth Lugo
|
Batting: RHB Lewis Brinson
|
0-0: Fly out, F8 (Flyball, 8RD, EV 97.5 MPH)
|
Batting: LHB Nicky Lopez
|
0-0: Foul Ball, location: 2F 0-1: Foul Ball, location: 2F 0-2: Ball 1-2: Foul Ball, location: 2F 1-2: Strikes out swinging
|
Batting: LHB Jesse Winker
|
0-0: Foul Ball, location: 2F 0-1: Ground out 4-3 (Groundball, 34D, EV 102.5 MPH)
|
Bottom of the 4th over - 0 runs, 0 hits, 0 errors, 0 left on base; Detroit 1 - Kansas City 7 |
TOP OF THE 5TH |
Detroit Tigers batting - Pitching for Kansas City Royals : RHP Aaron Nola
|
Batting: RHB Nick Madrigal
|
0-0: Ground out 6-3 (Groundball, 6, EV 85.0 MPH)
|
Batting: LHB Kolten Wong
|
0-0: Ball 1-0: Called Strike 1-1: Ball 2-1: Foul Ball, location: 2F 2-2: Foul Ball, location: 2F 2-2: Strikes out swinging
|
Batting: RHB Jean Segura
|
0-0: Foul Ball, location: 2F 0-1: Fly out, F4 (Popup, 4S, EV 85.0 MPH)
|
Top of the 5th over - 0 runs, 0 hits, 0 errors, 0 left on base; Detroit 1 - Kansas City 7 |
BOTTOM OF THE 5TH |
Kansas City Royals batting - Pitching for Detroit Tigers : RHP Seth Lugo
|
Batting: RHB Dansby Swanson
|
0-0: Ball 1-0: Swinging Strike 1-1: Swinging Strike 1-2: Ground out 6-3 (Groundball, 6, EV 86.9 MPH)
|
Batting: RHB Nolan Arenado
|
0-0: Called Strike 0-1: SOLO HOME RUN (Flyball, 78XD, EV 106.9 MPH), Distance : 420 ft
|
Batting: LHB Anthony Rizzo
|
0-0: Called Strike 0-1: Ball 1-1: Ground out 4-3 (Groundball, 4, EV 105.6 MPH)
|
Batting: RHB Howie Kendrick
|
0-0: Ball 1-0: Ground out 6-3 (Groundball, P, EV 80.6 MPH)
|
Bottom of the 5th over - 1 run, 1 hit, 0 errors, 0 left on base; Detroit 1 - Kansas City 8 |
TOP OF THE 6TH |
Detroit Tigers batting - Pitching for Kansas City Royals : RHP Aaron Nola
|
Batting: RHB Starling Marte
|
0-0: Ball 1-0: Ground out 4-3 (Groundball, 4, EV 89.4 MPH)
|
Batting: LHB Corey Dickerson
|
0-0: Ball 1-0: Ball 2-0: DOUBLE (Line Drive, 78XD, EV 103.8 MPH) - OUT at third base trying to stretch hit.
|
Batting: RHB George Springer
|
0-0: Ball 1-0: Ball 2-0: Ground out 4-3 (Groundball, 6MD, EV 108.1 MPH)
|
Top of the 6th over - 0 runs, 1 hit, 0 errors, 0 left on base; Detroit 1 - Kansas City 8 |
BOTTOM OF THE 6TH |
Kansas City Royals batting - Pitching for Detroit Tigers : RHP Seth Lugo
|
Pitching: LHP Tucker Davidson
|
|
Batting: LHB Trent Grisham
|
0-0: Called Strike 0-1: Ball 1-1: Ball 2-1: Fly out, F8 (Flyball, 8RXD, EV 88.8 MPH)
|
Batting: RHB Sean Murphy
|
0-0: Ball 1-0: Swinging Strike 1-1: Foul Ball, location: 2F 1-2: Fly out, F7 (Flyball, 7S, EV 77.5 MPH)
|
Batting: RHB Lewis Brinson
|
0-0: Called Strike 0-1: Foul Ball, location: 2F 0-2: Foul Ball, location: 2F 0-2: Foul Ball, location: 2F 0-2: Strikes out looking
|
Bottom of the 6th over - 0 runs, 0 hits, 0 errors, 0 left on base; Detroit 1 - Kansas City 8 |
TOP OF THE 7TH |
Detroit Tigers batting - Pitching for Kansas City Royals : RHP Aaron Nola
|
Pinch Hitting: LHB Jake Fraley
|
0-0: Ground out 6-3 (Groundball, 6, EV 99.4 MPH)
|
Batting: RHB Jake Marisnick
|
0-0: Swinging Strike 0-1: Ball 1-1: Fly out, F3 (Popup, 3F, EV 78.1 MPH)
|
Batting: RHB J.T. Realmuto
|
0-0: Fly out, F4 (Flyball, 6MD, EV 93.1 MPH)
|
Top of the 7th over - 0 runs, 0 hits, 0 errors, 0 left on base; Detroit 1 - Kansas City 8 |
BOTTOM OF THE 7TH |
Kansas City Royals batting - Pitching for Detroit Tigers : LHP Tucker Davidson
|
Now at 1B: Roman Quinn
|
|
Batting: LHB Nicky Lopez
|
0-0: Called Strike 0-1: DOUBLE (Line Drive, 7LM, EV 100.0 MPH)
|
Batting: LHB Jesse Winker
|
0-0: Hit by Pitch
|
Batting: RHB Dansby Swanson
|
0-0: Ball 1-0: Ball 2-0: Ball 3-0: Base on Balls Nicky Lopez to third Jesse Winker to second
|
Batting: RHB Nolan Arenado
|
0-0: Ball 1-0: Ball 2-0: Ball 3-0: Called Strike 3-1: Base on Balls Nicky Lopez scores Jesse Winker to third Dansby Swanson to second
|
Batting: LHB Anthony Rizzo
|
0-0: Called Strike 0-1: Ball 1-1: Called Strike 1-2: Ball 2-2: Strikes out swinging
|
Pitching: RHP Brady Dragmire
|
|
Batting: RHB Howie Kendrick
|
0-0: Ball 1-0: DOUBLE (Line Drive, 9LS, EV 91.9 MPH) Jesse Winker scores Dansby Swanson scores Nolan Arenado to third Runner from 3rd tries for Home, throw by RF and OUT! 9-4-2 Howie Kendrick to third
|
Batting: LHB Trent Grisham
|
0-0: Ball 1-0: Ball 2-0: Ball 3-0: Called Strike 3-1: Foul Ball, location: 2F 3-2: Foul Ball, location: 2F 3-2: Strikes out looking
|
Bottom of the 7th over - 3 runs, 2 hits, 0 errors, 1 left on base; Detroit 1 - Kansas City 11 |
TOP OF THE 8TH |
Detroit Tigers batting - Pitching for Kansas City Royals : RHP Aaron Nola
|
Pinch Hitting: RHB Sheldon Neuse
|
0-0: Swinging Strike 0-1: Ball 1-1: Ball 2-1: Called Strike 2-2: Strikes out looking
|
Batting: LHB Kolten Wong
|
0-0: Swinging Strike 0-1: Ball 1-1: Ball 2-1: SINGLE (Groundball, 25, EV 70.0 MPH) (infield hit)
|
Batting: RHB Jean Segura
|
0-0: Foul Ball, location: 2F 0-1: Ball 1-1: Ball 2-1: Swinging Strike 2-2: Ball 3-2: Base on Balls Kolten Wong to second
|
Pitching: LHP Matt Strahm
|
|
Batting: RHB Starling Marte
|
0-0: Ball 1-0: Ball 2-0: DOUBLE (Line Drive, 78XD, EV 101.9 MPH) Kolten Wong scores Jean Segura to third Runner from 3rd tries for Home, SAFE, no throw by CF
|
Pinch Hitting: RHB Xavier Fernandez
|
0-0: Foul Ball, location: 2F 0-1: Ball 1-1: Fly out, F8 (Flyball, 8RS, EV 87.5 MPH)
|
Batting: RHB George Springer
|
0-0: Ball 1-0: Foul Ball, location: 2F 1-1: Ball 2-1: Ball 3-1: Foul Ball, location: 2F 3-2: Base on Balls
|
Batting: SHB Roman Quinn
|
0-0: Swinging Strike 0-1: Ball 1-1: Ball 2-1: Foul Ball, location: 2F 2-2: Strikes out swinging
|
Top of the 8th over - 2 runs, 2 hits, 0 errors, 2 left on base; Detroit 3 - Kansas City 11 |
BOTTOM OF THE 8TH |
Kansas City Royals batting - Pitching for Detroit Tigers : RHP Brady Dragmire
|
Now at 1B: Deivy Grullon
|
|
Now at 3B: Sheldon Neuse
|
|
Batting: RHB Sean Murphy
|
0-0: SINGLE (Groundball, 6MD, EV 104.4 MPH)
|
Batting: RHB Lewis Brinson
|
0-0: Called Strike 0-1: Swinging Strike 0-2: Foul Ball, location: 2F 0-2: Ball 1-2: Strikes out swinging
|
Batting: LHB Nicky Lopez
|
0-0: Ball 1-0: Ball 2-0: Ball 3-0: Fielders Choice at 2nd, 3-6 (Groundball, 34, EV 81.3 MPH)
|
Batting: LHB Jesse Winker
|
0-0: Ball 1-0: Ball 2-0: Ball 3-0: Base on Balls Nicky Lopez to second
|
Batting: RHB Dansby Swanson
|
0-0: Ground out 4-3 (Groundball, 4, EV 96.9 MPH)
|
Bottom of the 8th over - 0 runs, 1 hit, 0 errors, 2 left on base; Detroit 3 - Kansas City 11 |
TOP OF THE 9TH |
Detroit Tigers batting - Pitching for Kansas City Royals : LHP Matt Strahm
|
Batting: RHB Jake Marisnick
|
0-0: Called Strike 0-1: Ball 1-1: DOUBLE (Line Drive, 3D, EV 93.8 MPH)
|
Batting: RHB J.T. Realmuto
|
0-0: Fly out, F8 (Flyball, 78D, EV 108.1 MPH)
|
Batting: RHB Sheldon Neuse
|
0-0: Ball 1-0: Ball 2-0: Ball 3-0: Base on Balls
|
Batting: LHB Kolten Wong
|
0-0: Ball 1-0: Called Strike 1-1: Ball 2-1: Foul Ball, location: 2F 2-2: Strikes out swinging
|
Batting: RHB Jean Segura
|
0-0: Called Strike 0-1: Ball 1-1: Foul Ball, location: 2F 1-2: Foul Ball, location: 2F 1-2: Strikes out looking
|
Top of the 9th over - 0 runs, 1 hit, 0 errors, 2 left on base; Detroit 3 - Kansas City 11 |
|